 Dungeon Crawl Stone Soup version 0.23-a0-860-g8ff03fb (webtiles) character file.

1540 DrEnzyme the Fighter (level 8, -9/54 HPs)
             Began as a Gargoyle Wanderer on Jan 25, 2019.
             Splashed by an orc wizard's acid (11 damage)
             ... on level 6 of the Dungeon on Jan 27, 2019.
             The game lasted 00:41:23 (9141 turns).

DrEnzyme the Fighter (Gargoyle Wanderer)            Turns: 9141, Time: 00:41:27

Health: -9/54      AC:  5    Str: 15      XL:     8   Next: 86%
Magic:  9/9        EV:  7    Int: 15      God:
Gold:   217        SH:  6    Dex:  4 (10) Spells: 5/9 levels left

rFire    . . .     SeeInvis .   a - +0 war axe
rCold    . . .     Gourm    .   l - +0 shield
rNeg     + . .     Faith    .   q - +3 ring mail
rPois    ∞         Spirit   .   (no helmet)
rElec    +         Reflect  .   (no cloak)
rCorr    .         Harm     .   (no gloves)
MR       .....                  (no boots)
Stlth    ++........             (no amulet)
HPRegen  0.18/turn              (no ring)
MPRegen  0.11/turn              (no ring)

@: corroded
A: negative energy resistance 1, electricity resistance, unbreathing,
petrification resistance, rot immunity, AC +5
a: no special abilities


You were on level 6 of the Dungeon.
You were not hungry.

You visited 1 branch of the dungeon, and saw 6 of its levels.

You collected 217 gold pieces.

Inventory:

Hand Weapons
 a - a +0 war axe (weapon)
 b - a +0 shortbow
 g - a +0 club
 k - a +1 short sword
 r - a +0 battleaxe
Missiles
 d - 21 arrows
 h - 146 stones (quivered)
Armour
 c - a +0 chain mail
 e - a +0 robe
 l - a +0 shield (worn)
 q - a +3 ring mail (worn)
 t - a +1 ring mail of fire resistance
Magical Staves
 y - an uncursed staff of poison
Wands
 v - a wand of polymorph (4)
Scrolls
 i - a scroll of identify
 p - a scroll of remove curse
Potions
 s - a potion of resistance
Comestibles
 f - 2 rations


   Skills:
 - Level 8.0 Fighting
 + Level 6.2 Axes
 - Level 2.0 Bows
 - Level 1.1 Armour
 - Level 4.7 Stealth
 - Level 1.1 Shields
 - Level 1.0 Spellcasting
 - Level 1.1 Conjurations
   Level 1.0 Translocations
 - Level 1.0 Evocations


You had 5 spell levels left.
You knew the following spells:

 Your Spells              Type           Power        Failure   Level  Hunger
a - Shock                 Conj/Air       #...         93%         1    ##.....
b - Conjure Flame         Conj/Fire      #.......     100%        3    ####...

Your spell library contained the following spells:

 Spells                   Type           Power        Failure   Level  Hunger


Dungeon Overview and Level Annotations

Branches:
Dungeon (6/15)             Temple (0/1) D:6

Altars:
Makhleb

Annotations:
D:3 exclusion: downstairs
D:4 exclusion: downstairs
D:5 exclusion: downstairs
D:6 Dowan, Duvessa


Innate Abilities, Weirdness & Mutations

You are resistant to torment.
Your stone body is resilient. (AC +5)
You are immune to poison.
You resist negative energy. (rN+)
You are resistant to electric shocks. (rElec)
You can survive without breathing.
You are immune to petrification.
You are immune to rotting.


Message History

The orc wizard is moderately wounded.
The orc wizard hits you but does no damage. x2
Your shield and ring mail prevent you from hitting the orc wizard.
The orc wizard is moderately wounded.
The orc wizard zaps a wand.
The bolt of acid hits you. The acid corrodes you!
You are splashed with acid!
The orc wizard hits you but does no damage.
Your shield and ring mail prevent you from hitting the orc wizard.
The orc wizard is moderately wounded.
The orc wizard hits you but does no damage.
The orc wizard gestures at you while chanting.
You resist with some effort.
You hit the orc wizard.
The orc wizard is severely wounded.
The orc wizard zaps a wand.
The bolt of acid hits you. The acid corrodes you!
You are splashed with acid!
The orc wizard zaps a wand.
The bolt of acid hits you!
* * * LOW HITPOINT WARNING * * *
The acid corrodes you!
You are splashed with acid!
You die...

.... ...#h.... .(.
......... ..$
.....#... ((
.#.....#. .. ##(#
#.)... .
....###((#####.#.
.## .
......)(..........$
. ##$..# #@..##...
##.o....# #..#(.###
#.....(##
#..(.....#
#....(...#
#....>......
#.#...(......
#............#


You could see an orc wizard.

Vanquished Creatures
  Sigmund (D:3)
  A steam dragon (D:5)
  A sky beast (D:4)
  A phantom (D:3)
  2 ogres (D:5)
  2 scorpions (D:4)
  2 crimson imps
  2 hounds
  A quasit (D:5)
  2 orc priests (D:5)
  5 orc wizards
  2 iguanas
  A worker ant (D:4)
  A worker ant zombie (D:3)
  7 gnolls
  10 adders
  3 oozes
  An adder skeleton (D:5)
  5 worms
  3 dart slugs
  8 leopard geckos
  27 orcs
  8 giant cockroaches
  4 goblins
  10 hobgoblins
  8 jackals
  7 kobolds
  2 ball pythons
  9 bats
  6 frilled lizards
  6 rats
  3 fungi (D:5)
151 creatures vanquished.

Vanquished Creatures (others)
  3 fungi (D:5)
3 creatures vanquished.

Grand Total: 154 creatures vanquished

Notes
Turn   | Place    | Note
-------+----------+-------------------------------------------
     0 | D:1      | DrEnzyme the Gargoyle Wanderer began the quest for the Orb.
     0 | D:1      | DrEnzyme set off with the following items: a +0 shield, a
                  | +0 shortbow, 22 arrows, a +0 robe, a ration, a +0 club; and
                  | the following spell memorised: Shock; and the following
                  | spells available to memorise: Conjure Flame
     0 | D:1      | Reached XP level 1. HP: 12/12 MP: 2/2
   480 | D:1      | Reached XP level 2. HP: 18/18 MP: 3/3
   534 | D:1      | Reached skill level 3 in Fighting
  1223 | D:1      | Reached XP level 3. HP: 23/24 MP: 4/4
  2081 | D:2      | Reached skill level 1 in Stealth
  2195 | D:2      | Found a faded altar of an unknown god.
  2242 | D:2      | Reached XP level 4. HP: 18/29 MP: 5/5
  2464 | D:2      | You fall through a shaft!
  2571 | D:3      | Reached XP level 5. HP: 21/33 MP: 6/6
  3131 | D:2      | Reached skill level 4 in Fighting
  3347 | D:3      | Noticed Sigmund
  3366 | D:3      | Killed Sigmund
  3366 | D:3      | Reached skill level 5 in Fighting
  3366 | D:3      | Reached XP level 6. HP: 41/41 MP: 7/7
  3684 | D:3      | Found a burning altar of Makhleb.
  3929 | D:3      | Reached skill level 6 in Fighting
  4324 | D:4      | Reached XP level 7. HP: 43/47 MP: 8/8
  4469 | D:4      | Reached skill level 7 in Fighting
  5409 | D:5      | Entered Level 5 of the Dungeon
  5930 | D:4      | Reached skill level 8 in Fighting
  6250 | D:5      | Noticed a steam dragon
  6250 | D:5      | Noticed a steam dragon
  6848 | D:4      | Reached skill level 1 in Axes
  7093 | D:4      | Reached XP level 8. HP: 50/54 MP: 9/9
  8275 | D:5      | Reached skill level 5 in Axes
  8278 | D:5      | Upgraded the game from 0.23-a0-839-g6d2b917 to
                  | 0.23-a0-860-g8ff03fb
  8384 | D:6      | Found a staircase to the Ecumenical Temple.
  8384 | D:6      | Noticed Duvessa
  8384 | D:6      | Noticed Dowan
  8618 | D:5      | Learned a level 3 spell: Conjure Flame
  9141 | D:6      | HP: 2/54 [orc wizard/wand of acid (6) (15)]
  9141 | D:6      | Splashed by an orc wizard's acid

Vault maps used:
D:1:      nzn_arrival_water_spiral
D:2:      chequers_ecumenical_altar_island, kennysheep_generic_room_16
D:3:      makhleb_blood_cavern_becter, uniq_sigmund
D:4:      first_ration
D:5:      kennysheep_steamy, old_standard_altar, uniq_prince_ribbit1,
          uniq_menkaure
D:6:      chequers_temple_overflow_statue_of_worship,
          minmay_temple_entry_arrows, ebering_ghost_reflecting_pool,
          xom_teletrap_fun, uniq_duvessa

Skill      XL: |  1  2  3  4  5  6  7  8 |
---------------+-------------------------+-----
Fighting       | 3 5 6 8 |  8.0
Stealth        | 2 4 |  4.7
Axes           | 2 6 |  6.2
Bows           | |  2.0
Armour         | |  1.1
Shields        | |  1.1
Spellcasting   | |  1.0
Conjurations   | |  1.1
Translocations | |  1.0
Evocations     | |  1.0

Action                   |  1- 3 |  4- 6 |  7- 9 || total
-------------------------+-------+-------+-------++-------
Melee: Club              |   144 |       |       ||   144
       Short sword       |    12 |   187 |   233 ||   432
       War axe           |       |       |   200 ||   200
 Fire: Shortbow          |    19 |    95 |    30 ||   144
Throw: Stone             |    51 |    13 |    66 ||   130
       Tomahawk          |       |       |    15 ||    15
Evoke: Wand              |       |       |     1 ||     1
  Use: Potion            |     1 |     1 |     4 ||     6
       Scroll            |       |     4 |     6 ||    10
 Stab: Distracted        |       |       |     1 ||     1
       Sleeping          |       |       |     1 ||     1
  Eat: Chunk             |     2 |     6 |     4 ||    12
       Ration            |     1 |       |     4 ||     5
Armor: Robe              |    79 |    33 |       ||   112
       Ring mail         |       |    74 |   341 ||   415
       Skin              |       |       |    11 ||    11
Dodge: Dodged            |    86 |   155 |   291 ||   532
Block: Shield            |    72 |       |    82 ||   154

Table legend:
 A = Non-vault XP
 B = Vault XP
 C = Vault XP percentage of total XP
 D = Non-vault monster count
 E = Vault monster count
 F = Vault count percentage of total count
                 A         B        C        D         E       F
            +---------+---------+-------+---------+---------+-------
      Total |    1733 |     468 |  21.3 |     142 |       6 |   4.1
            +---------+---------+-------+---------+---------+-------
        D:1 |      38 |       0 |   0.0 |      23 |       0 |   0.0
        D:2 |      91 |       8 |   8.1 |      20 |       3 |  13.0
        D:3 |     326 |     273 |  45.6 |      39 |       2 |   4.9
        D:4 |     499 |       0 |   0.0 |      26 |       0 |   0.0
        D:5 |     698 |     187 |  21.1 |      30 |       1 |   3.2
        D:6 |      81 |       0 |   0.0 |       4 |       0 |   0.0
            +---------+---------+-------+---------+---------+-------
